 Dungeon Crawl Stone Soup version 0.27-a0-1256-gced786f65e (webtiles) character file.

Game seed: 8759219651097334128

83 deletemesenpai the Skirmisher (level 4, -5/40 HPs)
             Began as a Hill Orc Fighter on June 10, 2021.
             Slain by an ogre
             ... wielding a +0 giant club
              (28 damage)
             ... on level 4 of the Dungeon.
             The game lasted 00:07:58 (3008 turns).

deletemesenpai the Skirmisher (Hill Orc Fighter)    Turns: 3008, Time: 00:07:58

Health: -5/40      AC:  7    Str: 19    XL:     4   Next: 44%
Magic:  4/4        EV:  7    Int:  8    God:
Gold:   60         SH:  9    Dex: 10    Spells: 3/3 levels left

rFire    . . .     SeeInvis .   a - +0 war axe
rCold    . . .     Faith    .   c - +0 kite shield
rNeg     . . .     Spirit   .   b - +0 scale mail
rPois    .         Reflect  .   (no helmet)
rElec    .         Harm     .   (no cloak)
rCorr    .         Rampage  .   (no gloves)
Will     .....                  (no boots)
Stlth    ..........             (no amulet)
HPRegen  0.13/turn              (no ring)
MPRegen  0.09/turn              (no ring)

@: no status effects
A: no striking features
a: no special abilities


You were on level 4 of the Dungeon.
You visited 1 branch of the dungeon, and saw 4 of its levels.

You collected 100 gold pieces.
You spent 40 gold pieces at shops.

Inventory:

Hand Weapons
 a - a +0 war axe (weapon)
 o - a +0 hunting sling
Missiles
 l - 3 atropa-tipped darts (quivered)
Armour
 b - a +0 scale mail (worn)
 c - a +0 kite shield (worn)
Jewellery
 n - a ring of protection from cold
Scrolls
 f - a scroll of enchant armour {unknown}
 h - 2 scrolls of teleportation
 j - a scroll of identify
Potions
 d - 3 potions of might
 e - 2 potions of lignification
 g - 2 potions of brilliance {unknown}
 i - a potion of magic {unknown}
 k - a potion of attraction {unknown}
 m - a potion of degeneration {unknown}


   Skills:
 + Level 4.1 Fighting
 + Level 3.9 Axes
 + Level 4.0 Armour
 + Level 4.1 Shields


You had 3 spell levels left.
You didn't know any spells.
Your spell library contained the following spells:

 Spells                   Type           Power      Damage    Failure   Level
 Apportation              Tloc           0%         N/A       99%         1
 Lesser Beckoning         Tloc           0%         N/A       100%        3
 Tukima's Dance           Hex            0%         N/A       100%        3
 Alistair's Intoxication  Tmut/Pois      0%         N/A       100%        5
 Invisibility             Hex            0%         N/A       100%        6


Dungeon Overview and Level Annotations

Branches:
Dungeon (4/15)
 Temple: D:4-7

Altars:

Shops:
D:1 ::   D:2 (?(:(


Message History

You open the door.
There is an open door here.
You open the large door.
There is a large open door here.
There is a large open door here.
You see here a +0 dagger.
There is an open door here.
Found a hunting sling.
You see here a +0 hunting sling.
o - a +0 hunting sling
Found a stone staircase leading up.
Done exploring.
Done exploring.
There is a stone staircase leading down here.
You climb downwards.
There is a stone staircase leading up here.
Found a stone staircase leading up.
A worm comes into view.
An ogre comes into view. It is wielding a +0 giant club.
The ogre shouts!
The worm bites you but does no damage.
You see here 15 gold pieces.
You hit the worm but do no damage. The worm bites you!
You hit the worm.
The worm is lightly wounded.
The worm bites you.
You hit the worm.
The worm is moderately wounded.
The worm bites you!
You slash the worm!
The worm is almost dead.
You block the worm's attack.
You slash the worm!
You kill the worm!
You block the ogre's attack.
You hit the ogre.
The ogre is lightly wounded.
The ogre hits you with a +0 giant club!!
Ouch! That really hurt!
You die...

. .. ##############
... ..............
.... ######........
.....
#.###########......
#..........@O......
##############.....
... .


You could see an ogre.

Vanquished Creatures
  A gnoll (D:1)
  An adder (D:3)
  A worm (D:4)
  A dart slug (D:2)
  5 ball pythons
  6 endoplasms
  5 giant cockroaches
  6 goblins
  5 hobgoblins
  A jackal (D:3)
  4 quokkas
  7 bats
  2 frilled lizards
  3 kobolds
  7 rats
55 creatures vanquished.

Notes
Turn   | Place    | Note
-------+----------+-------------------------------------------
     0 | D:1      | deletemesenpai the Hill Orc Fighter began the quest for the
                  | Orb.
     0 | D:1      | Reached XP level 1. HP: 19/19 MP: 1/1
    35 | D:1      | Found a faded altar of an unknown god.
    69 | D:1      | Found Soqaot's Book Boutique.
    86 | D:1      | Reached XP level 2. HP: 10/27 MP: 2/2
   570 | D:1      | Found Unwe Ant's Book Shoppe.
   644 | D:1      | Reached XP level 3. HP: 33/33 MP: 3/3
  1219 | D:2      | Found Ralynivue's Magic Scroll Emporium.
  1226 | D:2      | Bought a scroll of identify for 20 gold pieces
  1226 | D:2      | Bought a scroll of identify for 20 gold pieces
  1242 | D:2      | Found Kopsinis's Antique Weapon Emporium.
  1326 | D:2      | Found Pusuro's Weapon Shoppe.
  1467 | D:2      | Found Domacitz's Weapon Boutique.
  1609 | D:2      | Found Qidoymuo's Book Emporium.
  2066 | D:3      | Reached XP level 4. HP: 25/40 MP: 4/4
  3002 | D:4      | Noticed an ogre
  3008 | D:4      | Slain by an ogre

Illustrated notes

Levels and vault maps discovered:
D:1:      wheals_arrival_linesprint, layout_loops_ring, serial_shops,
          nicolae_shop_statue_plus, shop, ebering_ecumenical_altar_box,
          st_stairs_9, due_unseen_surprise
D:2:      layout_loops_cross, serial_shops, nicolae_shop_crystal,
          nicolae_shop_window_shopping, nicolae_shop_trees,
          nicolae_shop_statue_plus, nicolae_shop_crystal
D:3:      minmay_recursive_quarters, layout_basic
D:4:      layout_basic, grunt_temple_overflow_gold_and_silver,
          lemuel_crystal_altar, dk_rats_in_the_wall, uniq_robin

Skill      XL: |  1  2  3  4 |
---------------+-------------+-----
Fighting       | 4 |  4.1
Axes           | 3 |  3.9
Shields        | 4 |  4.1
Armour         | 4 |  4.0

Action                   |  1- 3 |  4- 6 || total
-------------------------+-------+-------++-------
Melee: War axe           |    93 |    37 ||   130
  Use: Scroll            |     2 |       ||     2
Armor: Scale mail        |    65 |    22 ||    87
Dodge: Dodged            |    33 |    11 ||    44
Block: Kite shield       |    77 |    17 ||    94

Table legend: (Time is in decaauts)
 A = Elapsed time spent in this place.
 B = Non-inter-level travel time spent in this place.
 C = Inter-level travel time spent in this place.
 D = Time resting spent in this place.
 E = Time spent auto-exploring this place.
 F = Levels seen in this place.
 G = Mean time per level.
                   A        B        C        D        E       F      G
               +--------+--------+--------+--------+--------+-----+--------+
         Total |   3081 |   2974 |    107 |    381 |   2001 |   4 |  770.2 |
       Dungeon |   3081 |   2974 |    107 |    381 |   2001 |   4 |  770.2 |
               +--------+--------+--------+--------+--------+-----+--------+

Top non-repeatable levels by time:
     D:1: 1194 daAuts
     D:3: 1172 daAuts
     D:2: 659 daAuts
     D:4: 55 daAuts
